 Dungeon Crawl Stone Soup version 0.27.0-1-g7a089689b8 (webtiles) character file.

Game seed: 8381317141668877389

37 MajorAdolf the Sneak (level 3, 0/46 HPs)
             Began as a Naga Wanderer on Aug 8, 2021.
             Slain by a goblin (1 damage)
             ... led by Robin
             ... on level 2 of the Dungeon.
             The game lasted 00:02:32 (1756 turns).

MajorAdolf the Sneak (Naga Wanderer)                Turns: 1756, Time: 00:02:32

Health: 0/46       AC: 21    Str: 15    XL:     3   Next: 41%
Magic:  3/3        EV:  1    Int: 11    God:
Gold:   36         SH:  0    Dex: 11    Spells: 2/2 levels left

rFire    . . .     SeeInvis +   e - +0 dagger
rCold    . . .     Faith    .   (no shield)
rNeg     + + +     Spirit   .   (armour currently unavailable)
rPois    +         Reflect  .   (helmet currently unavailable)
rElec    .         Harm     .   (cloak currently unavailable)
rCorr    .         Rampage  .   (gloves currently unavailable)
Will     .....     NoTele   +   (no barding)
Stlth    +++.......             (no amulet)
HPRegen  0.15/turn              (no ring)
MPRegen  0.08/turn              (no ring)

@: tree-form
A: stationary, stasis, torment immunity, boosted hp, AC +1, large, see
invisible, (deformed body), (poison resistance), (slowness 2), spit poison 1,
(naga tail 1)
a: Spit Poison


You were on level 2 of the Dungeon.
You were a tree.
You visited 1 branch of the dungeon, and saw 2 of its levels.

You collected 36 gold pieces.

Inventory:

Hand Weapons
 a - a +0 short sword
 e - a +0 dagger (weapon)
 j - a +0 hunting sling
Missiles
 k - 18 stones
Armour
 d - a +0 robe
 g - a +2 leather armour of poison resistance (melded)
Wands
 c - a wand of charming (14)
Scrolls
 f - a scroll of identify
 h - a scroll of torment


   Skills:
 - Level 1.0 Fighting
 - Level 2.0 Short Blades
 - Level 2.0 Maces & Flails
 - Level 1.0 Throwing
 - Level 1.5 Dodging
 + Level 5.2 Stealth
 - Level 1.0 Evocations


You had 2 spell levels left.
You didn't know any spells.
Your spell library was empty.

Dungeon Overview and Level Annotations

Branches:
Dungeon (2/15)

Altars:

Annotations:
D:2 Robin


Innate Abilities, Weirdness & Mutations

You are a tree.
Your roots penetrate the ground, keeping you stationary.
You cannot be teleported.
You are immune to unholy pain and torment.
Your maximum health is greatly increased.
Your equipment is partially melded.
((Your serpentine skin is tough. (AC +1)))
You have supernaturally acute eyesight. (SInv)
((Armour fits poorly on your strangely shaped body.))
((Your system is resistant to poisons. (rPois)))
((You cover ground very slowly.))
You can spit poison.
((You have a snake-like lower body.))


Message History

The hobgoblin closely misses you. The endoplasm hits you.
The goblin hits you with a +0 club. The endoplasm freezes you.
You are frozen.
The goblin hits you with a +0 club.
* * * LOW HITPOINT WARNING * * *
The endoplasm freezes you.
You are frozen.
* * * LOW HITPOINT WARNING * * *
The endoplasm misses you. The endoplasm completely misses you.
The goblin barely misses you. The endoplasm closely misses you.
The goblin shouts!
The goblin barely misses you. The goblin hits you but does no damage.
Robin shouts!
You hit the goblin.
The goblin is moderately wounded.
The endoplasm barely misses you. The goblin hits you but does no damage.
Robin roars a battlecry!
The goblins go into a battle-frenzy!
Unknown command.
Okay, then.
Really quaff the potion of lignification?
You turn into a tree.
Your +2 leather armour of poison resistance melds into your body.
Your roots penetrate the ground.
The endoplasm hits you but does no damage.
The goblin hits you but does no damage.
Unknown command.
You hit the goblin.
You kill the goblin!
The endoplasm hits you but does no damage.
You closely miss the goblin.
The endoplasm hits you but does no damage.
The goblin hits you with a +0 club.
* * * LOW HITPOINT WARNING * * *
You closely miss the goblin. Robin hits you but does no damage.
The endoplasm hits you but does no damage.
The goblin hits you with a +0 club.
You die...

#############
......g.....######
##.##gg..........
#.##J###..######
#.##♣# #..#
#.#####.##g###..######
#.......>.g..........#
#######.#.####..####.#
#g#.## #..# #.#
#....###..# #.#
#.........# #.##
##...####.####..#
##.## #...g.)#..###


You could see Robin, an endoplasm, a hobgoblin (strong) and 3 goblins.

Vanquished Creatures
  An endoplasm (D:1)
  2 giant cockroaches (D:1)
  11 goblins
  6 hobgoblins
  4 ball pythons
  2 bats (D:1)
  4 frilled lizards (D:1)
  2 kobolds (D:1)
  2 rats (D:1)
34 creatures vanquished.

Notes
Turn   | Place    | Note
-------+----------+-------------------------------------------
     0 | D:1      | MajorAdolf the Naga Wanderer began the quest for the Orb.
     0 | D:1      | MajorAdolf set off with the following items: a +0 short
                  | sword, a potion of lignification, a wand of charming (15),
                  | a +0 robe
     0 | D:1      | Reached XP level 1. HP: 18/18 MP: 1/1
    52 | D:1      | Reached skill level 2 in Stealth
   353 | D:1      | Reached skill level 3 in Stealth
   391 | D:1      | Reached XP level 2. HP: 9/25 MP: 2/2
   860 | D:1      | Found a faded altar of an unknown god.
  1082 | D:1      | Reached skill level 4 in Stealth
  1274 | D:1      | Reached XP level 3. HP: 31/31 MP: 3/3
  1624 | D:2      | Reached skill level 5 in Stealth
  1720 | D:2      | Noticed Robin
  1755 | D:2      | HP: 1/46 [goblin[Robin] (3)]
  1756 | D:2      | Slain by a goblin

Illustrated notes

Levels and vault maps discovered:
D:1:      minmay_arrival_four_loops, layout_basic,
          ebering_ecumenical_altar_ruins
D:2:      layout_loops_ring, minmay_misc_feat_x, chequers_serial_rivers_room_b,
          uniq_robin, uniq_crazy_yiuf_cottage, uniq_sigmund, uniq_natasha

Skill      XL: |  1  2  3 |
---------------+----------+-----
Stealth        | 3 4 5 |  5.2
Fighting       | |  1.0
Short Blades   | |  2.0
Maces & Flails | |  2.0
Throwing       | |  1.0
Dodging        | |  1.5
Evocations     | |  1.0

Action                   || total
-------------------------++-------
Melee: Short sword       ||    10
       Dagger            ||    67
 Fire: Hunting sling     ||     1
 Abil: Spit Poison       ||    29
Evoke: Wand              ||     1
  Use: Scroll            ||     2
       Potion            ||     1
 Stab: Sleeping          ||     2
Armor: Robe              ||     5
       Leather armour    ||    19
       Skin              ||     6
Dodge: Dodged            ||    53
